 Dungeon Crawl Stone Soup version 0.29-a0-330-g52719c12eb (webtiles) character file.

Game seed: 11020654438436367498

578 kae the Firebug (level 6, -1/45 HPs)
             Began as a Demigod Fire Elementalist on May 1, 2022.
             Succumbed to a scorpion's poison
             ... on level 4 of the Dungeon.
             The game lasted 00:02:38 (4846 turns).

kae the Firebug (Demigod Fire Elementalist)         Turns: 4846, Time: 00:02:38

Health: -1/45      AC:  3    Str:  9    XL:     6   Next: 89%
Magic:  15/24      EV: 12    Int: 31    God:
Gold:   167        SH:  0    Dex: 14    Spells: 7/13 levels left

rFire   . . .      SeeInvis .   g - +1 dagger (venom)
rCold   . . .      Faith    .   (no shield)
rNeg    . . .      Spirit   .   a - +0 robe
rPois   .          Reflect  .   t - +0 helmet
rElec   .          Harm     .   (no cloak)
rCorr   .          Rampage  .   (no gloves)
Will    .....                   (no boots)
Stlth   ++........              (no amulet)
HPRegen 0.15/turn               k - ring of magical power
MPRegen 0.19/turn               f - +6 ring of intelligence

@: lethally poisoned (-1 -> -24)
A: high MP 1, forlorn, divine attributes
a: no special abilities


You were on level 4 of the Dungeon.
You visited 1 branch of the dungeon, and saw 4 of its levels.

You collected 193 gold pieces.
You spent 26 gold pieces at shops.

Inventory:

Hand Weapons
 g - a +1 dagger of venom (weapon)
Armour
 a - a +0 robe (worn)
 t - a +0 helmet (worn)
Jewellery
 e - a ring of flight
 f - a +6 ring of intelligence (right hand)
 h - a ring of protection from cold
 i - a +6 ring of dexterity
 k - a ring of magical power (left hand)
Scrolls
 d - 2 scrolls of teleportation
Potions
 b - 3 potions of magic
 c - 2 potions of attraction
 j - a potion of berserk rage
 m - a potion of lignification
 n - a potion of curing
 o - a potion of degeneration {unknown}
 q - a potion of haste {unknown}
 r - a potion of resistance {unknown}
 s - 2 potions of ambrosia {unknown}


   Skills:
 - Level 1.7 Dodging
 - Level 1.7 Stealth
 + Level 4.0 Spellcasting
 + Level 4.0 Conjurations
 + Level 4.8 Fire Magic


You had 7 spell levels left.
You knew the following spells:

 Your Spells              Type           Power      Damage    Failure   Level
a - Foxfire               Conj/Fire      100%       2x1d9     1%          1
b - Scorch                Fire           72%        2d9       1%          2
c - Conjure Flame         Conj/Fire      33%        6-21      3%          3

Your spell library contained the following spells:

 Spells                   Type           Power      Damage    Failure   Level
 Inner Flame              Hex/Fire       21%        N/A       7%          3
 Stone Arrow              Conj/Erth      36%        3d9       8%          3
 Flame Wave               Conj/Fire      33%        2d8       10%         4
 Frozen Ramparts          Ice            12%        1d3       19%         3
 Animate Armour           Summ/Erth      12%        N/A       52%         4
 Ice Form                 Ice/Tmut       6%         N/A       52%         4
 Summon Ice Beast         Ice/Summ       6%         N/A       52%         4
 Lehudib's Crystal Spear  Conj/Erth      9%         10d4      100%        8


Dungeon Overview and Level Annotations

Branches:
Dungeon (4/15)
 Temple: D:4-7

Shops:
D:2 *

Annotations:
D:3 exclusion: ogre


Innate Abilities, Weirdness & Mutations

You have an increased reservoir of magic. (+10% MP)
You shall have no god before yourself.
Your divine heritage dramatically boosts your attributes as you level up.


Message History

The foxfire hits the hobgoblin.
You kill the hobgoblin!
Casting: Foxfire (safe; 1% risk of failure)
Confirm with . or Enter, or press ? or * to list all spells.
You conjure some foxfire!
The foxfire hits the quokka but does no damage.
The foxfire hits the quokka.
The quokka is heavily wounded.
Casting: Foxfire (safe; 1% risk of failure)
Confirm with . or Enter, or press ? or * to list all spells.
You conjure some foxfire!
The foxfire hits the quokka.
The quokka is almost dead.
The foxfire hits the quokka.
You kill the quokka!
Casting: Foxfire (safe; 1% risk of failure)
Confirm with . or Enter, or press ? or * to list all spells.
You conjure some foxfire!
The foxfire hits the endoplasm.
The endoplasm is severely wounded.
The foxfire hits the endoplasm.
You kill the endoplasm!
Casting: Foxfire (safe; 1% risk of failure)
Confirm with . or Enter, or press ? or * to list all spells.
You conjure some foxfire!
The scorpion barely misses you.
The foxfire hits the scorpion.
The scorpion is lightly wounded.
The scorpion stings you.
* * * LOW HITPOINT WARNING * * *
You are lethally poisoned!
The scorpion poisons you!
Casting: Foxfire (safe; 1% risk of failure)
Confirm with . or Enter, or press ? or * to list all spells.
You conjure some foxfire!
* * * LOW HITPOINT WARNING * * *
You feel very sick. The scorpion stings you.
* * * LOW HITPOINT WARNING * * *
You are more poisoned.
The scorpion poisons you!
You die...

#####.##.. #.........
#.###.###. #.# #..##.
#.# ##.##.
**######### #.# #..#.
*,........# #.# ##.#.
*,........#########.#
#.#.
*,........#@v.......#
#.#.
*,........#s#########
#... *,......sr#r#
####### ##..
*,....J...#?# #.y.†y#
#.. *,..........#
#.###y# #).
*,........### *,* #.#
#.. *,........# *,*
#.# #). **#####'###
*,* #.######). #.*
*,* #......)#>


You could see a scorpion (ally target) and a quokka.

Vanquished Creatures
  An ogre (D:3)
  A kobold brigand (D:4)
  4 killer bees (D:4)
  A crimson imp (D:4)
  2 iguanas (D:4)
  4 gnolls (D:4)
  3 adders
  A white imp (D:4)
  A worm (D:4)
  9 orcs
  6 bats
  11 endoplasms
  7 goblins
  10 hobgoblins
  15 kobolds
  2 quokkas
  6 ball pythons
  2 frilled lizards (D:2)
  3 rats
89 creatures vanquished.

Vanquished Creatures (others)
  305 foxfires
  A plant (D:1)
306 creatures vanquished.

Grand Total: 395 creatures vanquished

Notes
Turn   | Place    | Note
-------+----------+-------------------------------------------
     0 | D:1      | kae the Demigod Fire Elementalist began the quest for the
                  | Orb.
     0 | D:1      | Reached XP level 1. HP: 14/14 MP: 5/5
   157 | D:1      | Reached skill level 1 in Conjurations
   319 | D:1      | Reached XP level 2. HP: 20/20 MP: 5/7
   324 | D:1      | Learned a level 2 spell: Scorch
  1491 | D:2      | Found Sainuegi's Assorted Antiques.
  1508 | D:2      | Reached XP level 3. HP: 26/26 MP: 2/9
  1512 | D:2      | Learned a level 3 spell: Conjure Flame
  1572 | D:2      | Bought a scroll labelled INIGEPN NILAG for 26 gold pieces
  2463 | D:3      | Noticed an ogre
  2757 | D:3      | Reached XP level 4. HP: 30/33 MP: 6/10
  3010 | D:3      | Noticed an ogre
  3020 | D:3      | Killed an ogre
  3021 | D:3      | Reached XP level 5. HP: 24/38 MP: 6/12
  4046 | D:4      | Reached XP level 6. HP: 37/45 MP: 14/14
  4846 | D:4      | Succumbed to a scorpion's poison

Illustrated notes

Levels and vault maps discovered:
D:1:      lightli_arrival_maybe_door_vault, layout_basic, chequers_big_river
D:2:      layout_rooms, hellmonk_ecumenical_altar_defaced_shrine, serial_shops,
          shop
D:3:      layout_loops_cross, grunt_temple_overflow_open,
          mainiacjoe_overflow_six_doors_small
D:4:      layout_basic, minmay_fire_ice_demons

Skill      XL: |  1  2  3  4  5  6 |
---------------+-------------------+-----
Conjurations   | 1 2 3 4 |  4.0
Spellcasting   | 2 3 4 |  4.0
Fire Magic     | 3 4 |  4.8
Dodging        | |  1.7
Stealth        | |  1.7

Action                   |  1- 3 |  4- 6 || total
-------------------------+-------+-------++-------
Melee: Unarmed           |     1 |       ||     1
       Dagger            |       |     9 ||     9
 Cast: Foxfire           |   112 |    77 ||   189
       Scorch            |       |    18 ||    18
       Conjure Flame     |       |     5 ||     5
  Use: Scroll            |     2 |    10 ||    12
Armor: Robe              |     5 |     4 ||     9
Dodge: Dodged            |    16 |    23 ||    39

Table legend: (Time is in decaauts)
 A = Elapsed time spent in this place.
 B = Non-inter-level travel time spent in this place.
 C = Inter-level travel time spent in this place.
 D = Time resting spent in this place.
 E = Time spent auto-exploring this place.
 F = Levels seen in this place.
 G = Mean time per level.
                   A        B        C        D        E       F      G
               +--------+--------+--------+--------+--------+-----+--------+
         Total |   4851 |   4800 |     51 |    167 |   3968 |   4 | 1212.8 |
       Dungeon |   4851 |   4800 |     51 |    167 |   3968 |   4 | 1212.8 |
               +--------+--------+--------+--------+--------+-----+--------+

Top non-repeatable levels by time:
     D:1: 1374 daAuts
     D:4: 1356 daAuts
     D:3: 1141 daAuts
     D:2: 979 daAuts
